 Dungeon Crawl Stone Soup version 0.31-a0-851-g7ff8af7976 (webtiles) character file.

Game seed: 968767252778930172

22 CrazyBamboolord the Gusty (level 2, -3/27 HPs)
             Began as an Ogre Air Elementalist on Oct 7, 2023.
             Slain by a gnoll
             ... wielding a +0 whip
              (5 damage)
             ... on level 2 of the Dungeon.
             The game lasted 00:01:24 (722 turns).

CrazyBamboolord the Gusty (Ogre Air Elementalist)    Turns: 722, Time: 00:01:25

Health: -3/27      AC:  3    Str: 11    XL:     2   Next: 91%
Magic:  4/5        EV: 10    Int: 16    God:
Gold:   40         SH:  0    Dex:  9    Spells: 5/6 levels left

rFire   . . .        (no weapon)
rCold   . . .        (no shield)
rNeg    . . .        a - +0 robe
rPois   .            (helmet restricted)
rElec   .            (no cloak)
rCorr   .            (gloves unavailable)
SInv    .            (boots unavailable)
Will    .....        (no amulet)
Stlth   +            (no ring)
HPRegen 0.24/turn    (no ring)
MPRegen 0.09/turn

%: no passive effects
@: no status effects
A: large, unfitting armour, tough skin 1
a: no special abilities


You were on level 2 of the Dungeon.
You visited 1 branch of the dungeon, and saw 2 of its levels.

You collected 40 gold pieces.

Inventory:

Armour
 a - a +0 robe (worn)
Potions
 c - a potion of lignification {unknown}


   Skills:
 * Level 1.2 Fighting
 * Level 2.0 Dodging
 - Level 1.4 Stealth
 * Level 2.7 Spellcasting
 * Level 1.2 Conjurations
 * Level 2.9 Air Magic


You had 5 spell levels left.
You knew the following spells:

 Your Spells              Type           Power      Damage    Failure   Level
a - Shock                 Conj/Air       32%        1d5       9%          1

Your spell library contained the following spells:

 Spells                   Type           Power      Damage    Failure   Level
 Static Discharge         Conj/Air       16%        2-3/arc   12%         2
 Swiftness                Air            11%        N/A       17%         3
 Airstrike                Air            5%         2d(1-17)  50%         4


Dungeon Overview and Level Annotations

Branches:
Dungeon (1/15)

Altars:


Innate Abilities, Weirdness & Mutations

You are too large for most types of armour.
You have tough skin. (AC +1)


Message History

The gnoll is heavily wounded.
You don't have enough magic to cast this spell.
Aiming: Shock (safe; 9% risk of failure)
Press: ? - help, Q - select action Shift-Dir - straight line, f - gnoll
Aim: a gnoll, wielding a +0 whip (heavily wounded, 72% to hit)
The zap hits the gnoll.
The gnoll is heavily wounded.
The zap hits the hobgoblin.
The hobgoblin is moderately wounded.
Unknown command.
The gnoll attacks as it pursues you! The gnoll hits you with a +0 whip!
You aren't carrying any scrolls.
Unknown command.
You aren't carrying any scrolls.
Magic courses through your body. The gnoll hits you with a +0 whip!
* * * LOW HITPOINT WARNING * * *
Unknown command.
Aiming: Shock (safe; 9% risk of failure)
Press: ? - help, Q - select action Shift-Dir - straight line, f/p - gnoll
Aim: a gnoll, wielding a +0 whip (moderately wounded, 72% to hit)
The zap hits the gnoll.
The gnoll is severely wounded.
The zap misses the hobgoblin.
The zap hits the gnoll but does no damage.
The gnoll is heavily wounded.
The zap hits the gnoll but does no damage.
The gnoll closely misses you.
Aiming: Shock (safe; 9% risk of failure)
Press: ? - help, Q - select action Shift-Dir - straight line, f/p - gnoll
Aim: a gnoll, wielding a +0 whip (severely wounded, 72% to hit)
The zap hits the gnoll.
The gnoll is almost dead.
The zap hits the hobgoblin.
The hobgoblin is almost dead.
The zap hits the gnoll.
The gnoll is severely wounded.
The zap hits the gnoll.
The gnoll is lightly wounded.
The gnoll hits you with a +0 whip.
You die...

...#######.# #.# #.#
...###.....#######.#
#.#
................##.#
#.#
...###.###......##.#
#.#
#.#......#......##.#
#.#
#.#..#..##......##.#
#.#
#.#.##..##.....###.#
#.#
#.#.....##.###g###.#
#.###
#.#####.##..g.gg@.)#
#...#
.........#.###.#####
###.# ######...#.#
#.# #.# .........#.#
#.# #.# ######...#.#
#.# #.# # #...#g#
#.# #.# #.
#...#g###.# #.# ##..
#....†....# #.#
.....#.#...##### #.#


You could see 3 gnolls and a hobgoblin.

Vanquished Creatures
  2 bats (D:2)
  An endoplasm (D:2)
  A hobgoblin (D:1)
  7 jackals
  2 quokkas
  A ball python (D:2)
  A frilled lizard (D:1)
  2 kobolds (D:2)
  2 rats
19 creatures vanquished.

Notes
Turn   | Place    | Note
-------+----------+-------------------------------------------
     0 | D:1      | CrazyBamboolord the Ogre Air Elementalist began the quest
                  | for the Orb.
     0 | D:1      | Reached XP level 1. HP: 16/16 MP: 3/3
    96 | D:1      | Reached skill level 1 in Conjurations
   156 | D:1      | Reached XP level 2. HP: 26/26 MP: 3/5
   328 | D:1      | You fall into a shaft and drop 1 floor!
   367 | D:2      | Reached skill level 1 in Fighting
   719 | D:2      | HP: 1/27 [gnoll/+0 whip (9)]
   722 | D:2      | Slain by a gnoll

Illustrated notes

Levels and vault maps discovered:
D:1:      psy_arrival_radial01, layout_basic,
          amcnicky_mini_rare_corridor_liquid, minmay_misc_feat_four_crosses
D:2:      layout_basic, uniq_terence

Skill      XL: |  1  2 |
---------------+-------+-----
Conjurations   | 1 |  1.2
Fighting       | 1 |  1.2
Dodging        | 2 |  2.0
Stealth        | |  1.4
Spellcasting   | |  2.7
Air Magic      | |  2.9

Action                     || total
---------------------------++-------
  Melee: Unarmed           ||    34
   Cast: Shock             ||    32
    Use: Potion            ||     1
 Armour: Robe              ||    37
  Dodge: Dodged            ||    19

Table legend: (Time is in decaauts)
 A = Elapsed time spent in this place.
 B = Non-inter-level travel time spent in this place.
 C = Inter-level travel time spent in this place.
 D = Time resting spent in this place.
 E = Time spent auto-exploring this place.
 F = Levels seen in this place.
 G = Mean time per level.
                   A        B        C        D        E       F      G
               +--------+--------+--------+--------+--------+-----+--------+
         Total |    721 |    721 |      0 |      0 |    604 |   2 |  360.5 |
       Dungeon |    721 |    721 |      0 |      0 |    604 |   2 |  360.5 |
               +--------+--------+--------+--------+--------+-----+--------+

Top non-repeatable levels by time:
     D:2: 393 daAuts
     D:1: 328 daAuts
